 Dungeon Crawl Stone Soup version 0.28.0-45-g0d030f2227 (webtiles) character file.

Game seed: 485855926458714574

58 urbino23 the Skirmisher (level 3, -2/35 HPs)
             Began as a Minotaur Berserker on Apr 21, 2022.
             Was a Follower of Trog.
             Killed by nerve-wracking pain
             ... invoked by Grinder
              (12 damage)
             ... on level 3 of the Dungeon.
             The game lasted 00:04:39 (1940 turns).

urbino23 the Skirmisher (Minotaur Berserker)        Turns: 1940, Time: 00:04:40

Health: -2/35      AC:  5    Str: 23    XL:     3   Next: 76%
Magic:  2/2        EV: 11    Int:  4    God:    Trog [*.....]
Gold:   130        SH:  0    Dex:  9    Spells: 2/2 levels left

rFire   . . .      SeeInvis .   a - +0 mace
rCold   . . .      Faith    .   (no shield)
rNeg    . . .      Spirit   .   m - +0 ring mail
rPois   .          Reflect  .   (helmet restricted)
rElec   .          Harm     .   (no cloak)
rCorr   .          Rampage  .   (no gloves)
Will    .....                   (no boots)
Stlth   ..........              (no amulet)
HPRegen 0.11/turn               (no ring)
MPRegen 0.08/turn               (no ring)

@: on berserk cooldown, slowed, very slow
A: horns 2, retaliatory headbutt
a: Renounce Religion, Berserk


You were on level 3 of the Dungeon.
You worshipped Trog.
Trog was aware of your devotion.
You visited 1 branch of the dungeon, and saw 3 of its levels.

You collected 130 gold pieces.

Inventory:

Hand Weapons
 a - a +0 mace (weapon)
Missiles
 f - 31 stones (quivered)
 j - 24 bolts
 l - 15 arrows
Armour
 m - a +0 ring mail (worn)
Scrolls
 c - 2 scrolls of teleportation {unknown}
 d - a scroll of identify {unknown}
 g - a scroll of brand weapon {unknown}
 h - a scroll of fog {unknown}
 i - a scroll of immolation {unknown}
Potions
 e - a potion of lignification {unknown}
 k - a potion of curing {unknown}


   Skills:
 + Level 4.8 Fighting
 + Level 4.8 Maces & Flails
 - Level 2.4 Armour
 - Level 2.1 Dodging


You had 2 spell levels left.
You didn't know any spells.
Your spell library was empty.

Dungeon Overview and Level Annotations

Branches:
Dungeon (3/15)

Altars:

Annotations:
D:3 Grinder


Innate Abilities, Weirdness & Mutations

You have a pair of horns on your head.
You reflexively headbutt those who attack you in melee.


Message History

You kill the orc!
Trog accepts your kill.
A red film seems to cover your vision as you go berserk!
You feel yourself moving faster!
You feel mighty! Grinder closely misses you. You furiously retaliate!
You headbutt Grinder! You closely miss Grinder. Your headbutt misses Grinder.
Grinder is moderately wounded.
Grinder blinks!
Grinder gestures at you.
You barely resist.
You see here a +0 club.
You feel a strong urge to attack something.
Grinder gestures at you.
You suddenly lose the ability to move!
You are no longer berserk.
You feel yourself slow down.
You can move again.
You barely miss Grinder.
Grinder is moderately wounded.
Grinder barely misses you. Grinder hits you.
You closely miss Grinder.
Grinder is moderately wounded.
Grinder gestures at you. You resist with significant effort.
Grinder completely misses you. You furiously retaliate!
You headbutt Grinder. You sock Grinder! Your headbutt misses Grinder.
Grinder is severely wounded.
Grinder hits you.
You writhe in agony.
Grinder hits you.
* * * LOW HITPOINT WARNING * * *
You closely miss Grinder.
Grinder is severely wounded.
Grinder misses you.
You hit Grinder. Your headbutt misses Grinder.
Grinder is severely wounded.
Grinder blinks! x2
You see here a +0 club.
Grinder blinks!
The kobold misses you. Grinder gestures at you. Pain shoots through your body!
You die...

#......#........#
##....##........#
#.##.##.##....#
#.##.##<##....#
#.............###
####.#####.##...
#5......##.##
#.....[.....#
##.@........#
#......###.#
#..K....##.#
####.##.##.# .
#.ยง.....# ..
###...### K.5
#...# .$.. #...#
>....###...#####..


You could see Grinder and a kobold.

Vanquished Creatures
  2 worms
  An orc (D:3)
  6 endoplasms
  3 giant cockroaches
  3 goblins
  3 hobgoblins (D:1)
  4 jackals (D:2)
  4 quokkas
  6 ball pythons
  2 bats
  4 frilled lizards
  5 kobolds
  3 rats
46 creatures vanquished.

Notes
Turn   | Place    | Note
-------+----------+-------------------------------------------
     0 | D:1      | urbino23 the Minotaur Berserker began the quest for the
                  | Orb.
     0 | D:1      | Reached XP level 1. HP: 19/19 MP: 0/0
    12 | D:1      | Found a faded altar of an unknown god.
   249 | D:1      | Reached XP level 2. HP: 24/27 MP: 1/1
  1206 | D:1      | Reached XP level 3. HP: 28/34 MP: 2/2
  1909 | D:3      | Noticed Grinder
  1927 | D:3      | Paralysed by Grinder for 2 turns
  1940 | D:3      | Killed from afar by Grinder

Illustrated notes

Levels and vault maps discovered:
D:1:      amcnicky_arrival_choice, layout_rooms, shapermc_ecumenical_altar_venn
D:2:      layout_rooms
D:3:      layout_loops_cross, bh_walls_and_bars, uniq_grinder, uniq_terence

Skill      XL: |  1 |
---------------+----+-----
Fighting       | 4 |  4.8
Maces & Flails | 4 |  4.8
Armour         | |  2.4
Dodging        | |  2.1

Action                   || total
-------------------------++-------
Melee: Mace              ||    91
       Headbutt          ||    13
       Punch             ||     2
Invok: Berserk           ||     3
Armor: Animal skin       ||    16
Dodge: Dodged            ||    59
